 Dungeon Crawl Stone Soup version 0.23-a0-577-g2b1de94 (webtiles) character file.

28 JeffiDaFish the Chiller (level 2, 0/20 HPs)
             Began as a Draconian Ice Elementalist on Dec 15, 2018.
             Slain by Terence
             ... wielding a +0 flail
              (9 damage)
             ... on level 2 of the Dungeon.
             The game lasted 00:04:02 (1954 turns).

JeffiDaFish the Chiller (DrIE)                      Turns: 1954, Time: 00:04:02

Health: 0/20       AC:  5    Str: 10    XL:     2   Next: 96%
Magic:  0/5        EV: 12    Int: 15    God:
Gold:   75         SH:  0    Dex: 11    Spells: 2/5 levels left

rFire    . . .     SeeInvis .   a - +1 dagger
rCold    . . .     Gourm    .   (no shield)
rNeg     . . .     Faith    .   (armour unavailable)
rPois    .         Spirit   .   (helmet restricted)
rElec    .         Reflect  .   (no cloak)
rCorr    .         Harm     .   (no gloves)
MR       .....                  d - +0 pair of boots
Stlth    ++........             (no amulet)
HPRegen  0.06/turn              (no ring)
MPRegen  0.09/turn              (no ring)

@: very slightly contaminated
A: unfitting armour, cold-blooded, AC +4
a: no special abilities


You were on level 2 of the Dungeon.
You were not hungry.

You visited 1 branch of the dungeon, and saw 2 of its levels.

You collected 75 gold pieces.

Inventory:

Hand Weapons
 a - a +1 dagger (weapon)
Armour
 d - a +0 pair of boots (worn)
Comestibles
 b - 2 rations
 c - 3 chunks of flesh


   Skills:
 + Level 2.2 Dodging
 - Level 1.7 Stealth
 + Level 2.3 Spellcasting
 - Level 1.0 Conjurations
 * Level 3.6 Ice Magic


You had 2 spell levels left.
You knew the following spells:

 Your Spells              Type           Power        Failure   Level  Hunger
a - Freeze                Ice            ##..         4%          1    #......
b - Throw Frost           Conj/Ice       #.....       13%         2    ###....

Your spell library contained the following spells:

 Spells                   Type           Power        Failure   Level  Hunger
 Ozocubu's Armour         Chrm/Ice       #.......     30%         3    ###....
 Throw Icicle             Conj/Ice       #.......     63%         4    #####..
 Summon Ice Beast         Ice/Summ       #.......     71%         4    #####..


Dungeon Overview and Level Annotations

Branches:
Dungeon (2/15)

Altars:

Annotations:
D:2 Terence


Innate Abilities, Weirdness & Mutations

Your plain brown scales are hard. (AC +4)
You cannot fit into any form of body armour.
You are cold-blooded and may be slowed by cold attacks.


Message History

You hit Terence.
You tail-slap Terence, but do no damage.
Terence is severely wounded.
Terence hits you but does no damage.
You hit Terence but do no damage.
Terence is severely wounded.
Terence barely misses you.
Casting: Freeze (safe; 4% risk of failure)
Confirm with . or Enter, or press ? or * to list all spells.
Aiming: Freeze (safe; 4% risk of failure)
Press: ? - help, Shift-Dir - straight line, f/p - Terence
Aim: Terence, wielding a +0 flail and wearing a +0 ring mail (severely wounded)
You miscast Freeze.
Nothing appears to happen.
Terence hits you but does no damage.
You hit Terence.
Terence is almost dead.
You barely miss Terence.
Terence is almost dead.
Terence hits you with a +0 flail!
You die...

#.# .# # #.##.#.#
#####.#.##.#.#
..$....#....#.#####
..................
.......#......#.###
.......#.#........
.....#.#.#.##.##
.@.#@.......#
#.#@###.#..#
#..........#
#######.##.#.###
................
########.##.#.###
#.........# # ..
#.........# #
#.........#


You could see Terence.

Vanquished Creatures
  2 dart slugs (D:1)
  2 leopard geckos (D:1)
  A giant cockroach (D:1)
  6 goblins
  2 hobgoblins (D:1)
  2 kobolds (D:1)
  2 bats (D:1)
  A frilled lizard (D:1)
18 creatures vanquished.

Notes
Turn   | Place    | Note
-------+----------+-------------------------------------------
     0 | D:1      | JeffiDaFish the Draconian Ice Elementalist began the quest
                  | for the Orb.
     0 | D:1      | Reached XP level 1. HP: 14/14 MP: 3/3
   405 | D:1      | Reached XP level 2. HP: 18/20 MP: 1/5
   783 | D:1      | Learned a level 2 spell: Throw Frost
  1513 | D:2      | Noticed Terence
  1954 | D:2      | Slain by Terence

Vault maps used:
D:1:      dpeg_arrival_morbid_curiosity
D:2:      old_standard_altar, first_ration, minmay_pentomino_w4, uniq_terence,
          uniq_crazy_yiuf_cottage

Skill      XL: |  1 |
---------------+----+-----
Dodging        | 2 |  2.2
Stealth        | |  1.7
Spellcasting   | |  2.3
Conjurations   | |  1.0
Ice Magic      | |  3.6

Action                   || total
-------------------------++-------
Melee: Unarmed           ||    10
       Dagger            ||    39
       Tailslap          ||     5
 Cast: Freeze            ||    23
       Throw Frost       ||     5
  Use: Potion            ||     4
       Scroll            ||     2
 Stab: Sleeping          ||     1
  Eat: Chunk             ||     2
       Ration            ||     1
Armor: Skin              ||    21
Dodge: Dodged            ||    60

Table legend:
 A = Non-vault XP
 B = Vault XP
 C = Vault XP percentage of total XP
 D = Non-vault monster count
 E = Vault monster count
 F = Vault count percentage of total count
                 A         B        C        D         E       F
            +---------+---------+-------+---------+---------+-------
      Total |      30 |      10 |  25.0 |      13 |       5 |  27.8
            +---------+---------+-------+---------+---------+-------
        D:1 |      28 |      10 |  26.3 |      12 |       5 |  29.4
        D:2 |       2 |       0 |   0.0 |       1 |       0 |   0.0
            +---------+---------+-------+---------+---------+-------
